 Dungeon Crawl Stone Soup version 0.31-a0-931-g7b59d4eb97 (webtiles) character file.

Game seed: 521374250763464113

1420 Error4North the Cleaver (level 8, -11/71 HPs)
             Began as a Hill Orc Fighter on Oct 19, 2023.
             Was an Initiate of Okawaru.
             Mangled by an orc priest
             ... wielding a +1 whip of electrocution
              (15 damage)
             ... on level 7 of the Dungeon on Oct 20, 2023.
             The game lasted 00:17:51 (5213 turns).

Error4North the Cleaver (Hill Orc Fighter)          Turns: 5213, Time: 00:17:51

Health: -11/71     AC: 10    Str: 19 (21) XL:     8   Next: 71%
Magic:  8/8        EV:  8    Int:  6 (8)  God:    Okawaru [......]
Gold:   283        SH:  8    Dex:  6 (8)  Spells: 7/7 levels left

rFire   . . .        a - +0 war axe
rCold   . . .        v - +0 kite shield
rNeg    . . .        b - +0 scale mail
rPois   .            (helmet restricted)
rElec   .            q - scarf {repulsion}
rCorr   .            s - +0 pair of gloves
SInv    .            z - +0 pair of boots
Will    .....        (no amulet) Stlth
                     (no ring)
HPRegen 0.31/turn    (no ring)
MPRegen 0.11/turn

%: repel missiles
@: no status effects
A: horns 1, clumsy 1
a: Renounce Religion, Convert to Beogh


You were on level 7 of the Dungeon.
You worshipped Okawaru.
Okawaru was noncommittal.
You visited 2 branches of the dungeon, and saw 8 of its levels.

You collected 283 gold pieces.

Inventory:

Hand Weapons
 a - a +0 war axe (weapon)
Missiles
 k - 8 boomerangs (quivered)
 y - a throwing net
Armour
 b - a +0 scale mail (worn)
 c - a +0 cloak of stealth
 e - a +0 chain mail
 q - a scarf of repulsion (worn)
 s - a +0 pair of gloves (worn)
 v - a +0 kite shield (worn)
 z - a +0 pair of boots (worn)
Wands
 n - a wand of charming (16)
 t - a wand of digging (6)
Scrolls
 d - a scroll of vulnerability {unknown}
 f - 3 scrolls of torment {unknown}
 g - 2 scrolls of poison {unknown}
 h - 2 scrolls of immolation {unknown}
 i - 4 scrolls of enchant armour {unknown}
 j - a scroll of silence {unknown}
 l - a scroll of revelation {unknown}
 m - 4 scrolls of identify {unknown}
 p - 2 scrolls of amnesia {unknown}
 r - 2 scrolls of enchant weapon {unknown}
 u - a scroll of blinking {unknown}
 C - a scroll of acquirement {unknown}
Potions
 o - a potion of magic
 w - a potion of degeneration


   Skills:
 * Level 6.4 Fighting
 + Level 8.1 Axes
 + Level 0.3 Throwing
 * Level 6.4 Armour
 + Level 1.5 Dodging
 + Level 0.2 Stealth
 * Level 6.2 Shields


You had 7 spell levels left.
You didn't know any spells.
Your spell library contained the following spells:

 Spells                   Type           Power      Damage    Failure   Level
 Apportation              Tloc           0%         N/A       97%         1
 Necrotise                Necr           0%         1d4       97%         1
 Slow                     Hex            0%         N/A       97%         1
 Ensorcelled Hibernation  Hex/Ice        0%         N/A       99%         2
 Jinxbite                 Hex            0%         N/A       99%         2
 Passwall                 Tmut/Erth      0%         N/A       99%         2
 Confusing Touch          Hex            0%         N/A       100%        3
 Sigil of Binding         Hex            0%         N/A       100%        3
 Swiftness                Air            0%         N/A       100%        3
 Vampiric Draining        Necr           0%         2d6       100%        3
 Passage of Golubria      Tloc           0%         N/A       100%        4
 Agony                    Necr           0%         N/A       100%        5
 Alistair's Intoxication  Tmut/Pois      0%         N/A       100%        5
 Silence                  Hex/Air        0%         N/A       100%        5
 Lehudib's Crystal Spear  Conj/Erth      0%         10d2      100%        8


Dungeon Overview and Level Annotations

Branches:
Dungeon (7/15)             Temple (1/1) D:5

Altars:
Ashenzari
Cheibriados
Dithmenos
Elyvilon
Fedhas
Gozag
Hepliaklqana
Kikubaaqudgha
Makhleb
Nemelex Xobeh
Okawaru
Qazlal
Ru
Sif Muna
Uskayaw
Vehumet
Wu Jian
Xom
Yredelemnul
Zin
The Shining One

Shops:
D:1 *(!!(   D:6 !   D:7 (


Innate Abilities, Weirdness & Mutations

You have a pair of small horns on your head.
You are clumsy. (Dex -2)


Message History

Your headbutt misses the orc priest. You hit the orc priest.
The orc priest hits you with a +1 whip of electrocution!
The orc priest invokes the aid of Beogh against you.
Beogh smites you!
* * * LOW HITPOINT WARNING * * *
The orc priest hits you but does no damage.
The orc priest hits you with a +1 whip of electrocution.
* * * LOW HITPOINT WARNING * * *
You barely miss the orc priest. x2
The orc priest hits you with a +1 whip of electrocution.
* * * LOW HITPOINT WARNING * * *
The orc priest calls upon Beogh to heal the orc priest.
The orc priest is healed somewhat.
The orc priest shouts, "Join the one true god or die!"
You hit the orc priest.
The orc priest is moderately wounded.
You hit the orc priest.
The orc priest calls upon Beogh to heal the orc priest.
The orc priest's wounds heal themselves!
The orc priest looks satisfied for a moment.
You closely miss the orc priest.
You headbutt the orc priest, but do no damage.
You hit the orc priest. The orc priest barely misses you.
The orc priest hits you with a +0 mace.
* * * LOW HITPOINT WARNING * * *
Unknown command.
Unknown command.
Unknown command.
You barely miss the orc priest. Your headbutt misses the orc priest.
You closely miss the orc priest.
The orc priest shouts, "Join the one true god or die!"
The orc priest mumbles some strange prayers to Beogh against you.
Beogh smites you!
* * * LOW HITPOINT WARNING * * *
The orc priest hits you with a +0 mace.
* * * LOW HITPOINT WARNING * * *
It was a potion of cancellation.
You feel magically purged.
The orc priest hits you but does no damage.
You are electrocuted!
You die...

#...#.# # ...#.#.#
...#.#.#. .........
#........ #........
#ooo.# #@# #.#
###.################
####.........<.....#...
#......................
#.################.∩.#.
#. #......#. #.##.#.#.
#.##.#...


You could see 2 orc priests and an orc.

Vanquished Creatures
  An ice beast (D:6)
  2 black bears
  2 ogres (D:5)
  A phantom (D:3)
  A bullfrog (D:7)
  3 scorpions
  A jelly (D:6)
  2 gnoll boudas (D:5)
  2 hounds (D:5)
  Crazy Yiuf (D:6)
  3 orc priests
  2 iguanas
  2 orc wizards
  14 gnolls
  6 adders
  A white imp (D:7)
  2 ufetubi (D:5)
  2 worms (D:2)
  4 dart slugs
  10 orcs
  6 endoplasms
  4 giant cockroaches
  2 hobgoblins
  2 jackals (D:1)
  5 quokkas
  7 ball pythons
  5 bats
  2 frilled lizards (D:1)
  10 goblins
  4 kobolds (D:1)
  5 rats
114 creatures vanquished.

Notes
Turn   | Place    | Note
-------+----------+-------------------------------------------
     0 | D:1      | Error4North the Hill Orc Fighter began the quest for the
                  | Orb.
     0 | D:1      | Reached XP level 1. HP: 19/19 MP: 1/1
    35 | D:1      | Found Caiczon's Distillery.
   102 | D:1      | Found a faded altar of an unknown god.
   165 | D:1      | Found Qaibbaem's General Store.
   217 | D:1      | Found Janla's Antique Weapon Shop.
   231 | D:1      | Found Elyod's Distillery.
   237 | D:1      | Reached XP level 2. HP: 27/27 MP: 2/2
   266 | D:1      | Found Seuch's Weapon Boutique.
   619 | D:1      | Reached XP level 3. HP: 33/33 MP: 3/3
   631 | D:1      | Reached skill level 3 in Axes
  1218 | D:2      | Reached skill level 4 in Axes
  1218 | D:2      | Reached XP level 4. HP: 27/40 MP: 4/4
  1703 | D:3      | Noticed a phantom
  1713 | D:3      | Killed a phantom
  1714 | D:3      | Reached XP level 5. HP: 47/47 MP: 5/5
  2319 | D:4      | Reached skill level 5 in Axes
  2511 | D:4      | Reached XP level 6. HP: 22/55 MP: 6/6
  2868 | D:4      | Noticed a black bear
  2877 | D:4      | Killed a black bear
  2878 | D:4      | Reached skill level 5 in Fighting
  3279 | D:5      | Entered Level 5 of the Dungeon
  3311 | D:5      | Reached skill level 1 in Dodging
  3420 | D:5      | Reached skill level 5 in Armour
  3420 | D:5      | Reached XP level 7. HP: 47/61 MP: 7/7
  3421 | D:5      | Reached skill level 6 in Axes
  3894 | D:5      | Reached skill level 7 in Axes
  3894 | D:5      | Reached XP level 8. HP: 66/70 MP: 8/8
  4005 | D:5      | Reached skill level 5 in Shields
  4010 | D:5      | Found a staircase to the Ecumenical Temple.
  4034 | Temple   | Entered the Ecumenical Temple
  4043 | Temple   | Became a worshipper of Warmaster Okawaru
  4479 | D:6      | Found an opulent altar of Gozag.
  4479 | D:6      | Found an ancient bone altar of Kikubaaqudgha.
  4487 | D:6      | Found a broken altar of Ashenzari.
  4547 | D:6      | Found a runed translucent door.
  4548 | D:6      | Noticed Crazy Yiuf
  4552 | D:6      | Gained mutation: You have a pair of small horns on your
                  | head. [potion of mutation]
  4552 | D:6      | Gained mutation: You are clumsy. (Dex -2) [potion of
                  | mutation]
  4556 | D:6      | Killed Crazy Yiuf
  4933 | D:6      | Found Ugguc's Distillery.
  5136 | D:7      | Found Busy's Weapon Boutique.
  5200 | D:7      | Reached skill level 8 in Axes
  5213 | D:7      | Mangled by an orc priest

Illustrated notes

Levels and vault maps discovered:
D:1:      minmay_arrival_nine_rooms, layout_loops_cross,
          shapermc_ecumenical_altar_flowoftime, serial_shops, shop,
          nicolae_diamond_shop, shop, shop, nicolae_shop_bloodbath_and_beyond
D:2:      layout_basic
D:3:      layout_basic, grunt_ministairs_6
D:4:      layout_cave_pods
D:5:      layout_basic, temple_statues, hangedman_decor_clover_reticule,
          nrook_loot_triangle, minmay_misc_feat_encased
D:6:      layout_rooms, grunt_temple_overflow_open, serial_shops, shop,
          uniq_crazy_yiuf_cottage
D:7:      layout_basic, mainiacjoe_overflow_alcove_4, serial_shops,
          nicolae_shop_stone, kennysheep_pointless_box
Temple:   nicolae_temple_two_arcs

Skill      XL: |  1  2  3  4  5  6  7  8 |
---------------+-------------------------+-----
Fighting       | 4 5 6 |  6.4
Axes           | 4 5 7 8 |  8.1
Armour         | 4 5 6 |  6.4
Shields        | 4 6 |  6.2
Dodging        | 1 |  1.5
Throwing       | |  0.3
Stealth        | |  0.2

Action                     |  1- 3 |  4- 6 |  7- 9 || total
---------------------------+-------+-------+-------++-------
  Melee: War axe           |   123 |   113 |   165 ||   401
         Headbutt          |       |       |    12 ||    12
  Throw: Boomerang         |     3 |       |     4 ||     7
    Use: Potion            |       |     1 |     7 ||     8
 Armour: Scale mail        |    81 |    85 |   143 ||   309
  Dodge: Dodged            |    59 |    48 |    71 ||   178
         Repelled          |       |     1 |       ||     1
  Block: Buckler           |    19 |     8 |       ||    27
         Kite shield       |       |    28 |    81 ||   109

Table legend: (Time is in decaauts)
 A = Elapsed time spent in this place.
 B = Non-inter-level travel time spent in this place.
 C = Inter-level travel time spent in this place.
 D = Time resting spent in this place.
 E = Time spent auto-exploring this place.
 F = Levels seen in this place.
 G = Mean time per level.
                   A        B        C        D        E       F      G
               +--------+--------+--------+--------+--------+-----+--------+
         Total |   5345 |   5268 |     77 |    692 |   3111 |   8 |  668.1 |
       Dungeon |   5326 |   5265 |     61 |    692 |   3111 |   7 |  760.9 |
        Temple |     18 |      2 |     16 |      0 |      0 |   1 |   18.0 |
               +--------+--------+--------+--------+--------+-----+--------+

Top non-repeatable levels by time:
     D:5: 1213 daAuts
     D:4: 1019 daAuts
     D:1: 796 daAuts
     D:2: 787 daAuts
     D:3: 754 daAuts
     D:6: 675 daAuts
     D:7: 80 daAuts
  Temple: 18 daAuts
